 Dungeon Sprint DCSS version 0.22.0-16-gc6d26f6 (webtiles) character file.

81 doot the Ruffian (level 4, -4/38 (42) HPs)
             Began as a Ghoul Monk on Aug 17, 2018.
             Splashed by an oklob sapling priest's acid (14 damage)
             ... in the Dungeon (Sprint IV: "Fedhas' Mad Dash").
             The game lasted 00:01:58 (1398 turns).

doot the Ruffian (Ghoul Monk)                       Turns: 1398, Time: 00:01:59

HP:   -4/38 (42)    AC:  2    Str: 14    XL:     4   Next: 42%
MP:   1/3           EV: 14    Int:  5    God:
Gold: 45            SH:  0    Dex: 12    Spells: 3/3 levels left

rFire    . . .     SeeInvis .     - Unarmed
rCold    + + .     Gourm    .   (no shield)
rNeg     + + +     Faith    .   a - +0 robe
rPois    ∞         Spirit   .   (no helmet)
rElec    .         Reflect  .   (no cloak)
rCorr    .         Harm     .   (no gloves)
MR       .....     NoTele   +   (no boots)
Stlth    ++........             j - amulet of invisibility {+Inv}
HPRegen  0.00/turn              k - ring of protection from cold
MPRegen  0.08/turn              (no ring)

@: very slightly contaminated, rotting, invisible (expiring)
A: rotting body, claws 1, carnivore, cold resistance 1, negative energy
resistance 3, inhibited regeneration, torment resistance, unbreathing
a: no special abilities


You were in the Dungeon.
You were not hungry.

You visited 1 branch You collected 45 gold pieces.

Inventory:

Armour
 a - a +0 robe (worn)
Jewellery
 j - the amulet of invisibility (around neck) {+Inv}
   (You found it in the Dungeon)

   [amulet of nothing]

   It lets you turn invisible.
 k - a ring of protection from cold (left claw)
Scrolls
 h - a scroll of blinking
 l - a scroll of identify {unknown}
Potions
 c - a potion of curing
 d - a potion of heal wounds
 e - a potion of haste
 f - 2 potions of magic
 g - a potion of berserk rage
 i - a potion of agility {unknown}
Comestibles
 b - a ration


   Skills:
 + Level 5.6 Fighting
 + Level 4.8 Dodging
 + Level 4.0 Stealth
 + Level 6.0 Unarmed Combat
 + Level 0.8 Evocations


You had 3 spell levels left.
You didn't know any spells.
Your spell library was empty.

Dungeon Overview and Level Annotations

Branches:
Dungeon (1/1)

Altars:
Cheibriados
Dithmenos
Elyvilon
Gozag
Hepliaklqana
Kikubaaqudgha
Makhleb
Nemelex Xobeh
Okawaru
Qazlal
Ru
Sif Muna
Trog
Uskayaw
Vehumet
Wu Jian
Xom
Yredelemnul
Zin
The Shining One
Beogh
Jiyva
Lugonu

Annotations:
D exclusion: oklob sapling


Innate Abilities, Weirdness & Mutations

Your body is rotting away.
You thrive on raw meat.
You are immune to poison.
You have sharp fingernails.
You are carnivorous and can eat meat at any time.
Your flesh is cold resistant. (rC+)
You are immune to negative energy. (rN+++)
You do not regenerate when monsters are visible.
You are immune to unholy pain and torment.
You can survive without breathing.


Message History

Found nine altars.
There is an open door here.
Found three altars.
Found two altars.
Found three altars.
Found a radiant altar of Vehumet and a corrupted altar of Lugonu.
There is a burning altar of Makhleb here.
There is a sparkling altar of Nemelex Xobeh here.
You scratch the oklob sapling priest but do no damage.
You strike the helpless oklob sapling priest from behind!
You scratch the oklob sapling priest but do no damage.
The oklob sapling priest calls down the wrath of its god upon you.
Something smites you!
You scratch the oklob sapling priest but do no damage.
You flicker for a moment.
The oklob sapling priest spits acid at you.
The splash of acid hits you!
* * * LOW HITPOINT WARNING * * *
You are splashed with acid!
The acid burns!
You die...

########################
....#.....#.⌠._._._._.⌠.
....'.#...'.._._._._._..
....#.#...#..._.@P_._...
########'##.._._._._._..
+...#._._._._._.⌠.
#...############## #####


You could see an oklob sapling priest.

Vanquished Creatures
  2 oklob saplings (D)
  A worker ant (D)
  A river rat (D)
  A rat (D)
5 creatures vanquished.

Notes
Turn   | Place    | Note
-------+----------+-------------------------------------------
     0 | D        | doot the Ghoul Monk began the quest for the Orb.
     0 | D        | Reached XP level 1. HP: 19/19 MP: 0/0
    16 | D        | Reached skill level 4 in Unarmed Combat
    16 | D        | Reached XP level 2. HP: 20/27 MP: 1/1
   194 | D        | Noticed an oklob sapling
   944 | D        | Found the amulet of invisibility {+Inv}
   948 | D        | Reached skill level 5 in Unarmed Combat
   948 | D        | Reached XP level 3. HP: 11/33 MP: 2/2
  1136 | D        | Noticed an oklob sapling
  1142 | D        | Killed an oklob sapling
  1142 | D        | Reached skill level 5 in Fighting
  1313 | D        | Killed an oklob sapling
  1313 | D        | Reached skill level 6 in Unarmed Combat
  1313 | D        | Reached XP level 4. HP: 36/38 MP: 0/3
  1388 | D        | Found an opulent altar of Gozag.
  1388 | D        | Found a hazy altar of Hepliaklqana.
  1388 | D        | Found a roughly hewn altar of Beogh.
  1388 | D        | Found a snail-covered altar of Cheibriados.
  1389 | D        | Found a viscous altar of Jiyva.
  1389 | D        | Found a burning altar of Makhleb.
  1389 | D        | Found a sparkling altar of Nemelex Xobeh.
  1389 | D        | Found a sacrificial altar of Ru.
  1389 | D        | Found a deep blue altar of Sif Muna.
  1389 | D        | Found a bloodstained altar of Trog.
  1389 | D        | Found an ornate altar of the Wu Jian Council.
  1389 | D        | Found a shimmering altar of Xom.
  1389 | D        | Found a basalt altar of Yredelemnul.
  1389 | D        | Noticed an oklob sapling priest
  1390 | D        | Found an iron altar of Okawaru.
  1390 | D        | Found a glowing silver altar of Zin.
  1390 | D        | Found a shadowy altar of Dithmenos.
  1391 | D        | Found a hide-covered altar of Uskayaw.
  1391 | D        | Found an ancient bone altar of Kikubaaqudgha.
  1392 | D        | Found a stormy altar of Qazlal.
  1392 | D        | Found a glowing golden altar of the Shining One.
  1392 | D        | Found a white marble altar of Elyvilon.
  1393 | D        | Found a radiant altar of Vehumet.
  1393 | D        | Found a corrupted altar of Lugonu.
  1398 | D        | Splashed by an oklob sapling priest's acid

Skill      XL: |  1  2  3 |
---------------+----------+-----
Fighting       | 4 5 |  5.6
Dodging        | 3 4 |  4.8
Unarmed Combat | 4 5 6 |  6.0
Stealth        | 3 4 |  4.0
Evocations     | |  0.8

Action                   |  1- 3 |  4- 6 || total
-------------------------+-------+-------++-------
Melee: Unarmed           |    22 |     3 ||    25
       Punch             |     1 |       ||     1
 Abil: Evoke Invisibilit |     2 |     1 ||     3
 Stab: Sleeping          |     2 |       ||     2
       Invisible         |     1 |     1 ||     2
  Eat: Chunk             |     2 |       ||     2
Dodge: Dodged            |     5 |       ||     5
